NYP
ABERDEEN IRONBIRDS @ EVERETT AQUASOX
07/04/2044
 
TOP OF THE 1ST
Aberdeen Ironbirds batting - Pitching for Everett AquaSox : RHP Jose Rios
Pitching: RHP Jose Rios
Batting: RHB Mario Luna 0-0: Ground out 5-3 (Groundball, 56S, EV 65.0 MPH)
Batting: RHB Jordan Wallace 0-0: Foul Ball, location: 2F
0-1: Ball
1-1: SINGLE (Groundball, 56D, EV 98.8 MPH)
Batting: LHB Tim Mulholland 0-0: Called Strike
0-1: Ball
1-1: Ball
2-1: DOUBLE (Groundball, 5L, EV 98.1 MPH)
Jordan Wallace to third
Batting: RHB Edwin Ramos 0-0: Ball
1-0: Ball
2-0: Foul Ball, location: 2F
2-1: Fly out, F7 (Flyball, 7LM, EV 85.6 MPH)
Batting: LHB David Best 0-0: SINGLE (Flyball, 34D, EV 89.4 MPH)
Jordan Wallace scores
Tim Mulholland to third
Batting: LHB Jose Bethancourt 0-0: Fielders Choice at 2nd, 5-4 (Groundball, 5, EV 79.4 MPH)
Top of the 1st over - 1 run, 3 hits, 0 errors, 2 left on base; Aberdeen 1 - Everett 0
BOTTOM OF THE 1ST
Everett AquaSox batting - Pitching for Aberdeen Ironbirds : RHP Nick Weirick
Pitching: RHP Nick Weirick
Batting: SHB Raghnall Ahearne 0-0: Foul Ball, location: 2F
0-1: Swinging Strike
0-2: Ball
1-2: Ball
2-2: Foul Ball, location: 2F
2-2: Ball
3-2: Strikes out swinging
Batting: SHB Detlef Oursler 0-0: Called Strike
0-1: Foul Ball, location: 2F
0-2: Ball
1-2: Ball
2-2: Ball
3-2: Ground out 4-3 (Groundball, 34, EV 103.1 MPH)
Batting: RHB John Peterson 0-0: Ball
1-0: Ground out 5-3 (Groundball, 56, EV 99.4 MPH)
Bottom of the 1st over - 0 runs, 0 hits, 0 errors, 0 left on base; Aberdeen 1 - Everett 0
TOP OF THE 2ND
Aberdeen Ironbirds batting - Pitching for Everett AquaSox : RHP Jose Rios
Batting: SHB Jorge Brito 0-0: Ball
1-0: Fly out, F3 (Popup, 3F, EV 64.4 MPH)
Batting: RHB Lee Deason 0-0: Ground out 4-3 (Groundball, 34, EV 100.6 MPH)
Batting: SHB Hugo Moreno 0-0: Called Strike
0-1: Fly out, F8 (Flyball, 8RM, EV 90.6 MPH)
Top of the 2nd over - 0 runs, 0 hits, 0 errors, 0 left on base; Aberdeen 1 - Everett 0
BOTTOM OF THE 2ND
Everett AquaSox batting - Pitching for Aberdeen Ironbirds : RHP Nick Weirick
Batting: RHB Robby Cuellar 0-0: Ball
1-0: DOUBLE (Line Drive, 89D, EV 111.9 MPH)
Batting: RHB Justin Colella 0-0: Called Strike
0-1: Ball
1-1: Ground out 6-3 (Groundball, 56, EV 92.5 MPH)
Batting: LHB Omar Colunga 0-0: Called Strike
0-1: DOUBLE (Line Drive, 78D, EV 99.4 MPH)
Robby Cuellar scores
Batting: RHB Clay Statum 0-0: Called Strike
0-1: Foul Ball, location: 2F
0-2: Foul Ball, location: 2F
0-2: Ball
1-2: Ball
2-2: Ball
3-2: Strikes out swinging
Batting: RHB Chris Van Niel 0-0: Called Strike
0-1: Called Strike
0-2: TRIPLE (Flyball, 78XD, EV 111.3 MPH)
Omar Colunga scores
Batting: RHB Omar Solis 0-0: Ground out 5-3 (Groundball, 56S, EV 90.6 MPH)
Bottom of the 2nd over - 2 runs, 3 hits, 0 errors, 1 left on base; Aberdeen 1 - Everett 2
TOP OF THE 3RD
Aberdeen Ironbirds batting - Pitching for Everett AquaSox : RHP Jose Rios
Batting: RHB Mario Luna 0-0: Fly out, F8 (Flyball, 8RXD, EV 94.4 MPH)
Batting: RHB Jordan Wallace 0-0: Called Strike
0-1: Ball
1-1: Swinging Strike
1-2: Strikes out swinging
Batting: LHB Tim Mulholland 0-0: Swinging Strike
0-1: Called Strike
0-2: Foul Ball, location: 2F
0-2: Ball
1-2: Ball
2-2: Ball
3-2: Foul Ball, location: 2F
3-2: Ground out 4-3 (Groundball, 4M, EV 86.9 MPH)
Top of the 3rd over - 0 runs, 0 hits, 0 errors, 0 left on base; Aberdeen 1 - Everett 2
BOTTOM OF THE 3RD
Everett AquaSox batting - Pitching for Aberdeen Ironbirds : RHP Nick Weirick
Batting: SHB Raghnall Ahearne 0-0: Fly out, F8 (Line Drive, 8LD, EV 100.6 MPH)
Batting: SHB Detlef Oursler 0-0: SINGLE (Groundball, 4MS, EV 63.8 MPH) (infield hit)
Batting: RHB John Peterson 0-0: Called Strike
0-1: Swinging Strike
0-2: Ball
1-2: Strikes out swinging
Detlef Oursler steals 2nd base (no throw)
Batter strikes out.
Batting: RHB Robby Cuellar 0-0: Ball
1-0: Ball
2-0: Called Strike
2-1: Foul Ball, location: 2F
2-2: Foul Ball, location: 2F
2-2: Ground out 6-3 (Groundball, 56, EV 96.3 MPH)
Bottom of the 3rd over - 0 runs, 1 hit, 0 errors, 1 left on base; Aberdeen 1 - Everett 2
TOP OF THE 4TH
Aberdeen Ironbirds batting - Pitching for Everett AquaSox : RHP Jose Rios
Batting: RHB Edwin Ramos 0-0: Called Strike
0-1: Foul Ball, location: 2F
0-2: Fly out, F9 (Line Drive, 9D, EV 99.4 MPH)
Batting: LHB David Best 0-0: Ball
1-0: Fly out, F9 (Flyball, 9S, EV 86.3 MPH)
Batting: LHB Jose Bethancourt 0-0: Ball
1-0: Called Strike
1-1: Ground out 5-3 (Groundball, 5, EV 108.1 MPH)
Top of the 4th over - 0 runs, 0 hits, 0 errors, 0 left on base; Aberdeen 1 - Everett 2
BOTTOM OF THE 4TH
Everett AquaSox batting - Pitching for Aberdeen Ironbirds : RHP Nick Weirick
Batting: RHB Justin Colella 0-0: Called Strike
0-1: Ball
1-1: Ground out 6-3 (Groundball, 6, EV 103.8 MPH)
Batting: LHB Omar Colunga 0-0: Called Strike
0-1: Swinging Strike
0-2: Ball
1-2: Ball
2-2: Foul Ball, location: 2F
2-2: SINGLE (Flyball, 9LS, EV 93.1 MPH)
Batting: RHB Clay Statum 0-0: Called Strike
0-1: Foul Ball, location: 2F
0-2: Ball
1-2: Grounds into double play, 6-4-3 (Groundball, 56, EV 90.0 MPH)
Bottom of the 4th over - 0 runs, 1 hit, 0 errors, 0 left on base; Aberdeen 1 - Everett 2
TOP OF THE 5TH
Aberdeen Ironbirds batting - Pitching for Everett AquaSox : RHP Jose Rios
Batting: SHB Jorge Brito 0-0: Ball
1-0: Called Strike
1-1: Called Strike
1-2: Fly out, F9 (Flyball, 9D, EV 101.9 MPH)
Batting: RHB Lee Deason 0-0: Called Strike
0-1: Ball
1-1: Ball
2-1: Ball
3-1: Ground out 6-3 (Groundball, 6, EV 85.6 MPH)
Batting: SHB Hugo Moreno 0-0: Ball
1-0: Swinging Strike
1-1: Called Strike
1-2: Ball
2-2: Ball
3-2: Fly out, F8 (Flyball, 8RD, EV 80.0 MPH)
Top of the 5th over - 0 runs, 0 hits, 0 errors, 0 left on base; Aberdeen 1 - Everett 2
BOTTOM OF THE 5TH
Everett AquaSox batting - Pitching for Aberdeen Ironbirds : RHP Nick Weirick
Batting: RHB Chris Van Niel 0-0: Ball
1-0: Called Strike
1-1: Hit by Pitch
Batting: RHB Omar Solis 0-0: Called Strike
0-1: Ball
1-1: Ball
2-1: Fielders Choice at 2nd, 6-4 (Groundball, 6, EV 80.0 MPH)
Batting: SHB Raghnall Ahearne 0-0: Ball
1-0: Ball
2-0: Foul Ball, location: 2F
2-1: Called Strike
2-2: Strikes out swinging
Batting: SHB Detlef Oursler 0-0: Ball
1-0: Called Strike
Omar Solis steals 2nd base
1-1: Ball
2-1: Swinging Strike
2-2: Strikes out swinging
Bottom of the 5th over - 0 runs, 0 hits, 0 errors, 1 left on base; Aberdeen 1 - Everett 2
TOP OF THE 6TH
Aberdeen Ironbirds batting - Pitching for Everett AquaSox : RHP Jose Rios
Batting: RHB Mario Luna 0-0: Ball
1-0: Called Strike
1-1: Swinging Strike
1-2: Strikes out swinging
Batting: RHB Jordan Wallace 0-0: Foul Ball, location: 2F
0-1: Foul Ball, location: 2F
0-2: Ball
1-2: Fly out, F9 (Line Drive, 89S, EV 91.3 MPH)
Batting: LHB Tim Mulholland 0-0: Swinging Strike
0-1: Foul Ball, location: 2F
0-2: Strikes out looking
Top of the 6th over - 0 runs, 0 hits, 0 errors, 0 left on base; Aberdeen 1 - Everett 2
BOTTOM OF THE 6TH
Everett AquaSox batting - Pitching for Aberdeen Ironbirds : RHP Nick Weirick
Batting: RHB John Peterson 0-0: Foul Ball, location: 2F
0-1: Ball
1-1: Swinging Strike
1-2: SOLO HOME RUN (Flyball, 7D, EV 99.4 MPH), Distance : 365 ft
Batting: RHB Robby Cuellar 0-0: Foul Ball, location: 2F
0-1: Ball
1-1: Foul Ball, location: 2F
1-2: Foul Ball, location: 2F
1-2: Ball
2-2: Foul Ball, location: 2F
2-2: Foul Ball, location: 2F
2-2: Foul Ball, location: 2F
2-2: Ball
3-2: Fly out, F9 (Line Drive, 9D, EV 85.0 MPH)
Pitching: LHP Josh Binyon
Batting: RHB Justin Colella 0-0: Called Strike
0-1: Called Strike
0-2: Foul Ball, location: 2F
0-2: Strikes out swinging
Batting: LHB Omar Colunga 0-0: Foul Ball, location: 2F
0-1: Foul Ball, location: 2F
0-2: Foul Ball, location: 2F
0-2: Ball
1-2: Ball
2-2: Strikes out swinging
Bottom of the 6th over - 1 run, 1 hit, 0 errors, 0 left on base; Aberdeen 1 - Everett 3
TOP OF THE 7TH
Aberdeen Ironbirds batting - Pitching for Everett AquaSox : RHP Jose Rios
Batting: RHB Edwin Ramos 0-0: Foul Ball, location: 2F
0-1: Called Strike
0-2: Foul Ball, location: 2F
0-2: Ball
1-2: Strikes out swinging, 2-3 out at first.
Batting: LHB David Best 0-0: Ball
1-0: Ball
2-0: Foul Ball, location: 2F
2-1: Fly out, F3 (Flyball, 3D, EV 94.4 MPH)
Batting: LHB Jose Bethancourt 0-0: SINGLE (Line Drive, 89M, EV 91.9 MPH)
Pitching: LHP Ed Gilroy
Batting: SHB Jorge Brito 0-0: Called Strike
0-1: Called Strike
0-2: Ball
1-2: Ball
2-2: Foul Ball, location: 2F
2-2: Foul Ball, location: 2F
2-2: Foul Ball, location: 2F
2-2: Strikes out swinging
Top of the 7th over - 0 runs, 1 hit, 0 errors, 1 left on base; Aberdeen 1 - Everett 3
BOTTOM OF THE 7TH
Everett AquaSox batting - Pitching for Aberdeen Ironbirds : LHP Josh Binyon
Batting: RHB Clay Statum 0-0: Ball
1-0: Called Strike
1-1: Swinging Strike
1-2: Strikes out swinging
Batting: RHB Chris Van Niel 0-0: Ground out 5-3 (Groundball, 5, EV 88.1 MPH)
Batting: RHB Omar Solis 0-0: Ball
1-0: Foul Ball, location: 2F
1-1: Ball
2-1: Swinging Strike
2-2: Strikes out swinging passed ball, reaches first!
Batting: SHB Raghnall Ahearne 0-0: Foul Ball, location: 2F
0-1: Foul Ball, location: 2F
0-2: Ground out 1-3 (Groundball, P, EV 69.4 MPH)
Bottom of the 7th over - 0 runs, 0 hits, 0 errors, 1 left on base; Aberdeen 1 - Everett 3
TOP OF THE 8TH
Aberdeen Ironbirds batting - Pitching for Everett AquaSox : LHP Ed Gilroy
Pitching: RHP Jace Daniels
Batting: RHB Lee Deason 0-0: Called Strike
0-1: Ground out 4-3 (Groundball, 4, EV 80.6 MPH)
Batting: SHB Hugo Moreno 0-0: Ball
1-0: Ball
2-0: Ball
3-0: Called Strike
3-1: Fly out, F8 (Flyball, 78M, EV 85.6 MPH)
Batting: RHB Mario Luna 0-0: Called Strike
0-1: Foul Ball, location: 2F
0-2: Fly out, F8 (Flyball, 8RD, EV 77.5 MPH)
Top of the 8th over - 0 runs, 0 hits, 0 errors, 0 left on base; Aberdeen 1 - Everett 3
BOTTOM OF THE 8TH
Everett AquaSox batting - Pitching for Aberdeen Ironbirds : LHP Josh Binyon
Pitching: LHP Randy Adams
Batting: SHB Detlef Oursler 0-0: Foul Ball, location: 2F
0-1: Ball
1-1: SINGLE (Groundball, 56S, EV 71.3 MPH) (infield hit)
Batting: RHB John Peterson 0-0: Called Strike
Detlef Oursler steals 2nd base
0-1: Called Strike
0-2: Strikes out swinging
Batting: RHB Robby Cuellar 0-0: Intentional Walk
Batting: RHB Justin Colella 0-0: Called Strike
Detlef Oursler steals 3rd base
0-1: Foul Ball, location: 2F
0-2: Ball
1-2: SINGLE (Groundball, 56D, EV 99.4 MPH)
Detlef Oursler scores
Robby Cuellar to second
Batting: LHB Omar Colunga 0-0: SINGLE (Line Drive, 4MD, EV 96.3 MPH)
Robby Cuellar to third
Justin Colella to second
Batting: RHB Clay Statum 0-0: Hit by Pitch
Robby Cuellar scores
Justin Colella to third
Omar Colunga to second
Batting: RHB Chris Van Niel 0-0: Ball
1-0: Fly out, F8 (Flyball, 8LD, EV 100.6 MPH)
Runner from 3rd tags up, SCORES, throw by CF
Batting: RHB Omar Solis 0-0: Ball
1-0: Foul Ball, location: 2F
1-1: Called Strike
1-2: Ground out 5-3 (Groundball, 56S, EV 67.5 MPH)
Bottom of the 8th over - 3 runs, 3 hits, 0 errors, 2 left on base; Aberdeen 1 - Everett 6
TOP OF THE 9TH
Aberdeen Ironbirds batting - Pitching for Everett AquaSox : RHP Jace Daniels
Batting: RHB Jordan Wallace 0-0: Ground out U3 (Groundball, 3, EV 81.9 MPH)
Batting: LHB Tim Mulholland 0-0: SOLO HOME RUN (Flyball, 89XD, EV 101.3 MPH), Distance : 387 ft
Batting: RHB Edwin Ramos 0-0: Ball
1-0: Called Strike
1-1: Called Strike
1-2: Ground out 6-3 (Groundball, 6S, EV 85.6 MPH)
Batting: LHB David Best 0-0: Foul Ball, location: 2F
0-1: Ball
1-1: Reached on error, E4 (Groundball, 4D, EV 85.6 MPH)
Batting: LHB Jose Bethancourt 0-0: Swinging Strike
0-1: Foul Ball, location: 2F
0-2: Foul Ball, location: 2F
0-2: Foul Ball, location: 2F
0-2: Foul Ball, location: 2F
0-2: SINGLE (Line Drive, 4M, EV 98.8 MPH)
David Best to third
Batting: SHB Jorge Brito 0-0: Fielders Choice at 2nd, U4 (Groundball, 4M, EV 77.5 MPH)
Top of the 9th over - 1 run, 2 hits, 1 error, 2 left on base; Aberdeen 2 - Everett 6
Thursday, March 31st , 2022 - OOTP Baseball 22.12 Build 89